 Dungeon Crawl Stone Soup version 0.24.0-123-gd5b16e6ec5 (webtiles) character file.

Game seed: 7789273543221326988, levelgen mode: deterministic

277 DungeonDestroyer the Shield-Bearer (level 6, -4/53 HPs)
             Began as a Gnoll Fighter on Jan 23, 2020.
             Slain by Natasha (9 damage)
             ... on level 3 of the Dungeon.
             The game lasted 00:04:40 (2837 turns).

DungeonDestroyer the Shield-Bearer (Gnoll Fighter)  Turns: 2837, Time: 00:04:41

Health: -4/53      AC:  0    Str: 20    XL:     6   Next: 25%
Magic:  8/8        EV: 14    Int: 10    God:
Gold:   95         SH:  0    Dex: 15    Spells: 8/8 levels left

rFire    . . .     SeeInvis .     - Unarmed
rCold    . . .     Gourm    .   (shield currently unavailable)
rNeg     . . .     Faith    .   (armour currently unavailable)
rPois    .         Spirit   .   (helmet currently unavailable)
rElec    .         Reflect  .   (cloak currently unavailable)
rCorr    .         Harm     .   (gloves currently unavailable)
MR       .....                  (boots currently unavailable)
Stlth    ++........             (no amulet)
HPRegen  0.17/turn              (ring currently unavailable)
MPRegen  0.11/turn              (ring currently unavailable)

@: pig-form (expiring), very quick
A: small, distributed training, strong nose
a: no special abilities


You were on level 3 of the Dungeon.
You were not hungry.
You were a filthy swine.
You visited 1 branch of the dungeon, and saw 5 of its levels.

You collected 95 gold pieces.

Inventory:

Hand Weapons
 a - a +0 long sword (melded)
 g - a +0 mace
Missiles
 e - 51 bolts
 i - 77 stones (quivered)
 k - 54 arrows
 l - 19 poisoned darts
Armour
 b - a +0 scale mail (melded)
 c - a +0 shield (melded)
Jewellery
 w - a +5 ring of protection (melded)
Scrolls
 p - 3 scrolls of remove curse
 q - a scroll of fog
 r - a scroll of identify
Potions
 d - a potion of might
 h - 2 potions of resistance
 m - 2 potions of heal wounds
 n - a potion of flight
 x - a potion of haste
Comestibles
 f - 6 rations
 j - 2 chunks of flesh


   Skills:
 + Level 6.8 Fighting
 + Level 1.8 Short Blades
 + Level 4.9 Long Blades
 + Level 1.8 Axes
 + Level 1.8 Maces & Flails
 + Level 1.8 Polearms
 + Level 1.8 Staves
 + Level 1.8 Slings
 + Level 1.8 Bows
 + Level 1.8 Crossbows
 + Level 1.8 Throwing
 + Level 6.8 Armour
 + Level 1.8 Dodging
 + Level 1.8 Stealth
 + Level 6.8 Shields
 + Level 1.8 Unarmed Combat
 + Level 1.8 Spellcasting
 + Level 1.4 Conjurations
 + Level 1.4 Hexes
 + Level 1.4 Charms
 + Level 1.4 Summonings
 + Level 1.4 Necromancy
 + Level 1.4 Translocations
 + Level 1.4 Transmutations
 + Level 1.4 Fire Magic
 + Level 1.4 Ice Magic
 + Level 1.4 Air Magic
 + Level 1.4 Earth Magic
 + Level 1.4 Poison Magic
 + Level 2.0 Invocations
 + Level 1.8 Evocations


You had 8 spell levels left.
You didn't know any spells.
Your spell library was empty.

Dungeon Overview and Level Annotations

Branches:
Dungeon (5/15)
 Temple: D:4-7

Altars:
Uskayaw

Annotations:
D:3 4 runed translucent doors, Crazy Yiuf; Natasha; Xerdoz's ghost, amateur OpTm


Innate Abilities, Weirdness & Mutations

Your experience applies equally to all skills.
((You have very sharp teeth.))
Your uncanny sense of smell can sniff out nearby items.


Message History

Natasha shimmers violently.
Natasha zaps a wand.
The crimson imp blinks!
You hit Natasha.
Natasha is heavily wounded.
Natasha stares at you and mumbles some strange words.
The magic dart hits you!
* * * LOW HITPOINT WARNING * * *
You hit Natasha but do no damage.
Natasha is heavily wounded.
The crimson imp blinks!
Natasha casts a spell at you. The magic dart hits you!
* * * LOW HITPOINT WARNING * * *
You hit Natasha but do no damage.
Natasha is heavily wounded.
Natasha misses you.
You hit Natasha but do no damage.
Natasha is heavily wounded.
Natasha claws you!
You die...

########## #......... #.#######.
#.# #. #.# #. #.# #.
########################.# #.
................hh5..ยง...# #.
##################.....#.#######.
..........................>......
...#########.#####.###.......###.
##[# #######.# #.# ###.#.#.# #.
##.###....##.# #.# #.#.#.# #.
#....'....##.#####.# #.....# #.
#..###....'........#####...######
#..##....).......................


You could see Natasha and a crimson imp.

Vanquished Creatures
  An orc priest (D:3)
  An orc wizard (D:3)
  Jessica (D:2)
  Natasha (twice) (D:3)
  A gnoll (D:1)
  5 adders
  An adder skeleton (D:4)
  2 worms
  2 dart slugs (D:2)
  A leopard gecko (D:3)
  5 orcs (D:3)
  5 bats (D:2)
  3 giant cockroaches
  5 goblins
  7 hobgoblins
  2 jackals (D:1)
  2 kobolds
  2 quokkas
  4 rats
52 creatures vanquished.

Vanquished Creatures (others)
  An orc wizard (D:3)
1 creature vanquished.

Grand Total: 53 creatures vanquished

Notes
Turn   | Place    | Note
-------+----------+-------------------------------------------
     0 | D:1      | DungeonDestroyer the Gnoll Fighter began the quest for the
                  | Orb.
     0 | D:1      | Reached XP level 1. HP: 23/23 MP: 1/1
   255 | D:1      | Reached XP level 2. HP: 29/29 MP: 2/2
   795 | D:2      | Reached XP level 3. HP: 35/35 MP: 3/3
   827 | D:2      | Found a hide-covered altar of Uskayaw.
   885 | D:2      | Noticed Jessica
   892 | D:2      | Killed Jessica
   892 | D:2      | Reached skill level 1 in Short Blades
   892 | D:2      | Reached skill level 1 in Axes
   892 | D:2      | Reached skill level 1 in Maces & Flails
   892 | D:2      | Reached skill level 1 in Polearms
   892 | D:2      | Reached skill level 1 in Staves
   892 | D:2      | Reached skill level 1 in Slings
   892 | D:2      | Reached skill level 1 in Bows
   892 | D:2      | Reached skill level 1 in Crossbows
   892 | D:2      | Reached skill level 1 in Throwing
   892 | D:2      | Reached skill level 1 in Dodging
   892 | D:2      | Reached skill level 1 in Stealth
   892 | D:2      | Reached skill level 1 in Unarmed Combat
   892 | D:2      | Reached skill level 1 in Spellcasting
   892 | D:2      | Reached skill level 1 in Invocations
   892 | D:2      | Reached skill level 1 in Evocations
   892 | D:2      | Reached XP level 4. HP: 38/41 MP: 5/5
  1736 | D:3      | Reached skill level 1 in Conjurations
  1736 | D:3      | Reached skill level 1 in Hexes
  1736 | D:3      | Reached skill level 1 in Charms
  1736 | D:3      | Reached skill level 1 in Summonings
  1736 | D:3      | Reached skill level 1 in Necromancy
  1736 | D:3      | Reached skill level 1 in Translocations
  1736 | D:3      | Reached skill level 1 in Transmutations
  1736 | D:3      | Reached skill level 1 in Fire Magic
  1736 | D:3      | Reached skill level 1 in Ice Magic
  1736 | D:3      | Reached skill level 1 in Air Magic
  1736 | D:3      | Reached skill level 1 in Earth Magic
  1736 | D:3      | Reached skill level 1 in Poison Magic
  1818 | D:3      | Reached XP level 5. HP: 44/47 MP: 6/6
  1879 | D:3      | Found a runed translucent door.
  1880 | D:3      | Noticed Crazy Yiuf
  2048 | D:3      | You fall into a shaft and drop 2 floors!
  2048 | D:5      | Entered Level 5 of the Dungeon
  2453 | D:3      | Found a runed translucent gate.
  2454 | D:3      | Found a runed translucent gate.
  2455 | D:3      | Found a runed translucent gate.
  2455 | D:3      | Noticed Xerdoz's ghost (amateur OpTm)
  2475 | D:3      | Reached XP level 6. HP: 50/53 MP: 8/8
  2482 | D:3      | Noticed Natasha
  2511 | D:3      | Killed Natasha
  2679 | D:3      | Noticed Natasha
  2688 | D:3      | Killed Natasha
  2810 | D:3      | Noticed Natasha
  2837 | D:3      | Slain by Natasha

Levels and vault maps discovered:
D:1:      dpeg_arrival_tiny_h, layout_basic
D:2:      layout_loops_ring, marbit_many_paths, serial_rivers,
          chequers_serial_rivers_micro_c, chequers_serial_rivers_room_a,
          chequers_serial_rivers_micro_a, chequers_serial_rivers_small_b,
          chequers_serial_rivers_micro_e, uniq_jessica
D:3:      layout_basic, first_ration, gammafunk_ghost_split, st_stairs_8,
          uniq_crazy_yiuf_cottage, uniq_natasha
D:4:      layout_basic, uniq_grinder
D:5:      layout_rooms, zin_statuary, kennysheep_little_box, grunt_ministairs_2

Skill      XL: |  1  2  3  4  5  6 |
---------------+-------------------+-----
Short Blades   | 1 |  1.8
Axes           | 1 |  1.8
Maces & Flails | 1 |  1.8
Polearms       | 1 |  1.8
Staves         | 1 |  1.8
Slings         | 1 |  1.8
Bows           | 1 |  1.8
Crossbows      | 1 |  1.8
Throwing       | 1 |  1.8
Dodging        | 1 |  1.8
Stealth        | 1 |  1.8
Unarmed Combat | 1 |  1.8
Spellcasting   | 1 |  1.8
Invocations    | 1 2 |  2.0
Evocations     | 1 |  1.8
Conjurations   | 1 |  1.4
Hexes          | 1 |  1.4
Charms         | 1 |  1.4
Summonings     | 1 |  1.4
Necromancy     | 1 |  1.4
Translocations | 1 |  1.4
Transmutations | 1 |  1.4
Fire Magic     | 1 |  1.4
Ice Magic      | 1 |  1.4
Air Magic      | 1 |  1.4
Earth Magic    | 1 |  1.4
Poison Magic   | 1 |  1.4
Fighting       | |  6.8
Long Blades    | |  4.9
Armour         | |  6.8
Shields        | |  6.8

Action                   |  1- 3 |  4- 6 || total
-------------------------+-------+-------++-------
Melee: Long sword        |    37 |   151 ||   188
       Bite              |     8 |    15 ||    23
       Unarmed           |       |    36 ||    36
  Use: Scroll            |     3 |     6 ||     9
       Potion            |     2 |     4 ||     6
  Eat: Chunk             |       |     6 ||     6
Armor: Scale mail        |    12 |    49 ||    61
       Skin              |       |     2 ||     2
Dodge: Dodged            |     5 |    48 ||    53
Block: Shield            |    17 |    75 ||    92
       Rpst.: Long sword |     1 |     9 ||    10
